 Dungeon Crawl Stone Soup version 0.31-a0-271-gb88eb75e06 (webtiles) character file.

Game seed: 8809991591093081447

20 mdonais the Sneak (level 2, 0/21 HPs)
             Began as an Octopode Brigand on July 15, 2023.
             Constricted to death by a ball python (1 damage)
             ... on level 1 of the Dungeon.
             The game lasted 00:01:09 (298 turns).

mdonais the Sneak (Octopode Brigand)                 Turns: 298, Time: 00:01:09

Health: 0/21       AC:  1    Str: 10    XL:     2   Next: 79%
Magic:  2/2        EV:  9    Int: 13    God:
Gold:   89         SH:  0    Dex: 13    Spells: 1/1 levels left

rFire   . . .        a - +2 dagger
rCold   . . .        (no shield)
rNeg    . . .        (helmet restricted)
rPois   .            (no amulet)
rElec   .            h - ring of wizardry
rCorr   .            (no ring)
SInv    .            (no ring)
Will    +....        (no ring)
Stlth   ++++         (no ring)
HPRegen 0.23/turn    (no ring)
MPRegen 0.08/turn    (no ring)
                     (no ring)

%: wizardry (x1)
@: enlightened, flying, constricted
A: almost no armour, amphibious, 8 rings, camouflage 1, gelatinous body 1,
(nimble swimmer 1), tentacles
a: no special abilities


You were on level 1 of the Dungeon.
You visited 1 branch of the dungeon, and saw 1 of its levels.

You collected 89 gold pieces.

Inventory:

Hand Weapons
 a - a +2 dagger (weapon)
 b - a +0 sling
   (You found it on level 1 of the Dungeon)
Missiles
 f - 14 poisoned darts (quivered)
 F - 3 curare-tipped darts
Jewellery
 h - a ring of wizardry (left tentacle)
   (You found it on level 1 of the Dungeon)
Scrolls
 g - a scroll of enchant weapon {unknown}
 i - a scroll of blinking {unknown}
 j - a scroll of vulnerability {unknown}
Potions
 c - a potion of heal wounds {unknown}
 d - a potion of enlightenment
 e - 4 potions of curing {unknown}
 k - a potion of attraction {unknown}


   Skills:
 + Level 3.2 Fighting
 - Level 2.0 Short Blades
 - Level 2.0 Throwing
 - Level 1.0 Dodging
 - Level 5.3 Stealth


You had one spell level left.
You didn't know any spells.
Your spell library contained the following spells:

 Spells                   Type           Power      Damage    Failure   Level
 Sublimation of Blood     Necr           0%         N/A       19%         2
 Wereblood                Tmut           0%         N/A       19%         2
 Summon Hydra             Summ           0%         N/A       100%        7


Dungeon Overview and Level Annotations

Branches:
Dungeon (1/15) Zot: 5698

Altars:


Innate Abilities, Weirdness & Mutations

You cannot wear most types of armour.
You are amphibious.
You can wear up to eight rings at the same time.
Your skin changes colour to match your surroundings (Stealth+).
Your rubbery body absorbs attacks. (AC +1, EV +1)
((You are camouflaged when in or above water. (Stealth+)))
You have tentacles for arms and can constrict up to eight enemies at once.


Message History

b - a +0 sling;
f - 9 poisoned darts (quivered)
b - a +0 sling (weapon)
A bat comes into view.
The bat moves out of view.
Found a fuming orange potion.
Found 14 gold pieces.
A bat is nearby!
You shoot a sling bullet.
The sling bullet hits the bat but does no damage.
You shoot a sling bullet.
The sling bullet hits the bat but does no damage.
The bat hits you.
You take 1 damage, and have 19/20 hp.
a - a +2 dagger (weapon)
You barely miss the bat. You grab the bat. You constrict the bat.
The bat barely misses you. The bat hits you.
You take 1 damage, and have 18/20 hp.
You hit the bat.
You kill the bat!
No target in view!
b - a +0 sling (weapon)
g - a scroll labelled MUHEFI ZAGA Health restored: 20 A dart slug comes into view.
You shoot a sling bullet. The sling bullet hits the dart slug!
The dart slug is severely wounded.
You shoot a sling bullet. The sling bullet hits the dart slug.
You kill the dart slug!
Your Fighting skill increases to level 3!
Health restored: 21 No target in view!
h - a ring of wizardry
e - 2 fuming orange potions (gained 1)
You now have 20 gold pieces (gained 14).
You see here a +0 hand axe.
You see here a dart slug corpse.
You now have 34 gold pieces (gained 14).
Found a cloak.
h - a ring of wizardry (left tentacle)
You now have 44 gold pieces (gained 10).
e - 4 fuming orange potions (gained 2)
i - a scroll labelled MAIXEEMYTU You now have 49 gold pieces (gained 5).
j - a scroll labelled HOOVENAXTA You now have 64 gold pieces (gained 15).
f - 14 poisoned darts (gained 5)
You now have 74 gold pieces (gained 10).
k - a puce potion
Found a sling.
You see here a +0 sling.
You pick up a book of Blood and begin reading...
You add the spells Sublimation of Blood, Wereblood and Summon Hydra to your library.
Found a stone staircase leading down.
You see here a +0 club.
A hobgoblin is nearby!
You shoot a sling bullet.
The sling bullet hits the hobgoblin but does no damage.
You shoot a sling bullet.
The sling bullet completely misses the hobgoblin.
You shoot a sling bullet.
The sling bullet hits the hobgoblin but does no damage.
You shoot a sling bullet. The sling bullet hits the hobgoblin.
The hobgoblin is almost dead.
You shoot a sling bullet.
The sling bullet barely misses the hobgoblin.
The hobgoblin closely misses you.
You shoot a sling bullet. The sling bullet hits the hobgoblin.
You kill the hobgoblin!
You see here a hobgoblin corpse.
Found 2 black potions.
You now have 89 gold pieces (gained 15).
A quokka comes into view.
Found 10 gold pieces.
A quokka is nearby!
A quokka is nearby!
A quokka is nearby!
You shoot a sling bullet. The sling bullet hits the quokka.
You kill the quokka!
No target in view!
No target in view!
No target in view!
No target in view!
No target in view!
No target in view!
No target in view!
No target in view!
No target in view!
No target in view!
No target in view!
No target in view!
A rat and 2 goblins come into view.
The goblin shouts!
A ball python comes into view.
There are monsters nearby!
You shoot a sling bullet. The ball python hisses angrily.
The goblin shouts!
The sling bullet hits the goblin but does no damage.
A bat comes into view.
You shoot a sling bullet.
The sling bullet closely misses the bat.
The bat closely misses you.
You shoot a sling bullet. The sling bullet hits the bat.
You kill the bat!
You shoot a sling bullet. The sling bullet hits the goblin.
You kill the goblin!
The ball python closely misses you. The ball python grabs you.
The ball python constricts you. The rat closely misses you.
You shoot a sling bullet.
The sling bullet completely misses the ball python.
The ball python completely misses you. The ball python constricts you.
The goblin barely misses you. The rat bites you.
The ball python closely misses you. The ball python constricts you.
You shoot a sling bullet.
The sling bullet hits the ball python but does no damage.
The goblin closely misses you. The rat bites you.
The ball python closely misses you. The ball python constricts you.
The rat bites you. The goblin hits you with a +0 club.
You are too injured to fight recklessly!
You are too injured to fight recklessly!
You are too injured to fight recklessly!
You take 14 damage, and have 7/21 hp.
MASSIVE DAMAGE!!
You are too injured to fight recklessly!
You are too injured to fight recklessly!
a - a +2 dagger (weapon)
The ball python closely misses you. The ball python constricts you.
* * * LOW HITPOINT WARNING * * *
You take 1 damage, and have 6/21 hp.
You are too injured to fight recklessly!
You hit the goblin but do no damage. You grab the goblin.
You constrict the goblin, but do no damage.
The goblin hits you but does no damage. The rat bites you.
* * * LOW HITPOINT WARNING * * *
The ball python bites you.
* * * LOW HITPOINT WARNING * * *
The ball python constricts you.
* * * LOW HITPOINT WARNING * * *
You take 3 damage, and have 3/21 hp.
You barely miss the goblin. You constrict the goblin.
The ball python bites you but does no damage.
The ball python constricts you.
* * * LOW HITPOINT WARNING * * *
The goblin hits you with a +0 club.
* * * LOW HITPOINT WARNING * * *
The rat bites you but does no damage.
You take 2 damage, and have 1/21 hp.
It was a potion of enlightenment.
You feel very buoyant.
You fly up into the air.
You constrict the goblin. The ball python barely misses you.
The ball python constricts you.
You die...

...........#.#...###
#.........#....##.. #
#........†.)...#..# ..
#.#.......#.###..##
#.. #.........### #.##
#.#.###...........>..#
#..............#######
..................
.....†r@.......### #
.......Sg.......#
................#
..$........$....#
................#
................#
................
#..............


You could see a goblin, a ball python and a rat.

Vanquished Creatures
  A dart slug (D:1)
  4 ball pythons (D:1)
  A goblin (D:1)
  3 hobgoblins (D:1)
  2 kobolds (D:1)
  A quokka (D:1)
  3 bats (D:1)
15 creatures vanquished.

Notes
Turn   | Place    | Note
-------+----------+-------------------------------------------
     0 | D:1      | mdonais the Octopode Brigand began the quest for the Orb.
     0 | D:1      | Reached XP level 1. HP: 14/14 MP: 1/1
    69 | D:1      | Reached XP level 2. HP: 15/20 MP: 2/2
   297 | D:1      | HP: 1/21 [goblin/+0 club (1)]
   298 | D:1      | Constricted to death by a ball python

Illustrated notes

Levels and vault maps discovered:
D:1:      dpeg_arrival_rhombi, layout_rooms, minmay_domino_4

Skill      XL: |  1  2 |
---------------+-------+-----
Fighting       | 3 |  3.2
Short Blades   | |  2.0
Throwing       | |  2.0
Dodging        | |  1.0
Stealth        | |  5.3

Action                     || total
---------------------------++-------
  Melee: Dagger            ||    18
         Constrict         ||     8
         Tentacles         ||     2
   Fire: Sling             ||    17
    Use: Potion            ||     1
 Armour: Skin              ||     3
  Dodge: Dodged            ||    25

Table legend: (Time is in decaauts)
 A = Elapsed time spent in this place.
 B = Non-inter-level travel time spent in this place.
 C = Inter-level travel time spent in this place.
 D = Time resting spent in this place.
 E = Time spent auto-exploring this place.
 F = Levels seen in this place.
 G = Mean time per level.
                   A        B        C        D        E       F      G
               +--------+--------+--------+--------+--------+-----+--------+
         Total |    300 |    297 |      3 |      0 |    214 |   1 |  300.0 |
       Dungeon |    300 |    297 |      3 |      0 |    214 |   1 |  300.0 |
               +--------+--------+--------+--------+--------+-----+--------+

Top non-repeatable levels by time:
     D:1: 300 daAuts
